AoeStats
← XXYY

Oasis

509295390Analyzed
4v4 RM · 4d ago on Sep 26, 2026· 58m 29s· 8 players
Game mode
Random Map
Map size
Large (8 player)
Population
200
Speed
Normal
Resources
Standard
Victory
Conquest
Starting age
Dark Age
Ending age
Imperial Age
RankedLock teamsTeams togetherTeam positionsShared explorationLock speedFull tech treeHidden civsTurbo modeCheats
Victory
Defeat
🇻🇳 Britons · Vietnam
1954
+11
🇻🇳 Ethiopians · Vietnam
1773
+18
🇺🇸 Hindustanis · United States
1723
+20
1674
+22
🇨🇳 Mongols · China
1890
-21
🇨🇳 Japanese · China
1806
-17
🇲🇽 Persians · Mexico
1806
-17
🇳🇿 Britons · New Zealand
1774
-16
MooN | Lunatico
6:08 Loom
8:24 Feudal Age
7:08 Loom
8:55 Double-Bit Axe
15:37 Scale Barding Armor
21:21 Castle Age
19:56 Bloodlines
22:10 Chain Barding Armor
21:12 Light Cavalry
23:06 Bow Saw
23:39 Forging
23:56 Husbandry
25:51 Loom
26:42 Wheelbarrow
27:48 Gold Mining
38:13 Imperial Age
37:07 Iron Casting
37:22 Hand Cart
37:51 Cavalier
39:07 Plate Barding Armor
39:56 Savar
47:54 Blast Furnace
48:18 Caravan
50:09 Conscription
51:08 Coinage
55:55 Hussar
胖子事情多
8:57 Feudal Age
9:12 Man-at-Arms
14:51 Fletching
22:31 Padded Archer Armor
24:11 Double-Bit Axe
25:13 Loom
29:02 Castle Age
29:05 Crossbowman
29:49 Bodkin Arrow
XXYY
5:56 Loom
8:47 Feudal Age
11:51 Fletching
14:17 Double-Bit Axe
21:05 Castle Age
20:04 Horse Collar
20:44 Gold Mining
21:08 Crossbowman
22:28 Bodkin Arrow
25:22 Ballistics
29:39 Heavy Plow
29:52 Bow Saw
30:31 Wheelbarrow
30:15 Padded Archer Armor
36:58 Imperial Age
35:56 Stone Mining
37:41 Bracer
37:01 Arbalester
39:04 Two-Man Saw
40:15 Chemistry
39:50 Leather Archer Armor
40:12 Conscription
41:41 Yeomen
42:53 Hand Cart
43:10 Coinage
42:41 Caravan
43:20 Guard Tower
44:45 Arrowslits
46:06 Keep
46:07 Banking
46:37 Ring Archer Armor
49:10 Masonry
48:41 Treadmill Crane
49:56 Scale Mail Armor
51:47 Chain Mail Armor
50:54 Pikeman
51:35 Squires
57:10 Plate Mail Armor
58:19 Forging
58:52 Architecture
十大地方
8:23 Feudal Age
6:46 Loom
9:01 Double-Bit Axe
10:33 Horse Collar
16:00 Scale Barding Armor
19:17 Bloodlines
20:05 Forging
26:07 Castle Age
26:09 Light Cavalry
27:04 Bow Saw
27:52 Chain Barding Armor
29:00 Wheelbarrow
31:20 Gold Mining
33:21 Hand Cart
34:08 Iron Casting
35:53 Husbandry
39:19 Fletching
40:07 Bodkin Arrow
40:40 Ballistics
45:00 Bodkin Arrow
49:49 Imperial Age
48:10 Padded Archer Armor
48:13 Stone Mining
49:28 Thumb Ring
50:01 Leather Archer Armor
51:32 Chemistry
50:33 Bracer
50:00 Elite Mangudai
52:56 Parthian Tactics
ÐàLat«Gô°Kµ»
6:38 Loom
8:46 Feudal Age
11:22 Double-Bit Axe
13:12 Fletching
15:52 Padded Archer Armor
20:24 Wheelbarrow
24:15 Castle Age
22:43 Horse Collar
23:25 Gold Mining
24:19 Crossbowman
24:54 Bodkin Arrow
27:13 Ballistics
33:39 Hand Cart
34:11 Bow Saw
38:47 Imperial Age
39:27 Yeomen
39:12 Caravan
38:48 Arbalester
39:34 Bracer
39:58 Conscription
40:44 Chemistry
40:32 Stone Mining
41:18 Gold Shaft Mining
41:45 Two-Man Saw
42:29 Leather Archer Armor
42:27 Guilds
42:51 Town Watch
44:52 Coinage
46:01 Ring Archer Armor
46:02 Scale Mail Armor
46:13 Forging
48:30 Elite Longbowman
49:50 Banking
51:21 Warwolf
53:07 Treadmill Crane
54:22 Chain Mail Armor
54:42 Iron Casting
58:06 Plate Mail Armor
58:37 Blast Furnace
57:39 Squires
56:59 Pikeman
57:25 Gambesons
57:25 Arson
58:11 Masonry
BB3097790
6:10 Loom
8:53 Feudal Age
13:54 Scale Barding Armor
14:49 Forging
17:45 Bloodlines
18:46 Wheelbarrow
23:39 Castle Age
22:48 Gold Mining
22:48 Horse Collar
23:48 Light Cavalry
24:30 Husbandry
24:51 Chain Barding Armor
25:07 Iron Casting
24:22 Double-Bit Axe
37:44 Heavy Plow
39:49 Stone Mining
41:43 Hand Cart
41:13 Town Watch
45:17 Imperial Age
43:06 Scale Mail Armor
44:13 Stone Shaft Mining
44:02 Chain Mail Armor
45:25 Elite Ghulam
46:26 Conscription
47:07 Blast Furnace
46:56 Squires
47:09 Grand Trunk Road
47:19 Heavy Camel Rider
50:01 Caravan
50:31 Coinage
49:27 Siege Elephant
52:20 Gold Shaft Mining
52:09 Imperial Camel Rider
54:39 Imperial Camel Rider
Seohyun de thuong lam ne`
5:49 Loom
8:47 Feudal Age
9:27 Double-Bit Axe
12:38 Scale Barding Armor
17:22 Forging
19:14 Bloodlines
26:17 Castle Age
24:20 Gold Mining
27:26 Chain Barding Armor
26:27 Light Cavalry
27:20 Husbandry
27:45 Bow Saw
28:15 Gold Shaft Mining
29:22 Iron Casting
29:27 Wheelbarrow
39:46 Hand Cart
43:57 Imperial Age
45:18 Plate Barding Armor
44:52 Heavy Camel Rider
47:56 Blast Furnace
50:32 Horse Collar
55:32 Caravan
58:27 Conscription
ĐLucky
6:31 Loom
8:49 Feudal Age
12:14 Fletching
14:27 Padded Archer Armor
22:35 Castle Age
20:57 Double-Bit Axe
21:22 Horse Collar
22:37 Crossbowman
23:12 Bodkin Arrow
25:20 Ballistics
28:28 Leather Archer Armor
35:49 Bow Saw
36:55 Wheelbarrow
42:26 Imperial Age
39:36 Elite Skirmisher
43:50 Bracer
54:03 Ring Archer Armor
56:04 Arbalester
58:07 Chemistry
57:14 Thumb Ring
59:42 Two-Man Saw
Connection lost

Rejoining the realm…

Still unreachable

The connection could not be restored.

Session expired

The server has moved on; the page needs a fresh start.